Map: Deathaura LE

Players

Arctur - Winner!

  • Race: Terran Terran
  • Spawn Location: 5:00

AqueroN

  • Race: Terran Terran
  • League: Grandmaster
  • Spawn Location: 11:00

Event: DreamHack SC2 Masters 2020 Winter

VOD

Have the link to the VOD?

Description

Time

  • Played on: Oct. 16, 2020, 1:48 p.m.
  • Length: 16:24

All games in this series

Show
View Real Time Build Order
Export as new Build Order

Arctur Terran - Winner!

Build Orders:  

Get SALT Encoding   

  12  0:00  SCV  
  13  0:12  SCV  
  14  0:16  Supply Depot  
  14  0:24  SCV  
  15  0:38  SCV, Barracks  
  16  0:43  Refinery  
  16  0:50  SCV  
  16  0:53  Refinery  
  17  1:02  SCV  
  18  1:14  SCV  
  20  1:25  Reaper  
  20  1:27  Orbital Command  
  20  1:28  Supply Depot  
  20  1:43  Factory  
  20  1:53  SCV  
  21  1:57  Reaper  
  22  2:05  SCV  
  23  2:17  SCV  
  24  2:24  Command Center  
  24  2:29  Hellion  
  26  2:33  SCV  
  28  2:38  Supply Depot  
  28  2:42  Barracks Reactor  
  27  2:45  SCV  
  27  2:49  Starport  
  28  2:52  Factory Tech Lab  
  28  2:57  SCV  
  29  3:10  SCV  
  30  3:15  Siege Tank  
  30  3:19  Marine  
  32  3:20  Marine  
  32  3:22  SCV  
  32  3:25  Medivac  
  37  3:34  SCV  
  37  3:37  Marine x2  
  37  3:40  Orbital Command  
  40  3:45  Refinery  
  40  3:46  SCV  
  41  3:57  Factory Tech Lab  
  41  3:58  SCV  
  42  4:05  SCV  
  43  4:11  Raven, Marine x2  
  43  4:14  SCV  
  43  4:15  Supply Depot  
  48  4:17  SCV  
  49  4:26  SCV, Siege Tank  
  49  4:29  SCV, Marine  
  49  4:31  Marine  
  53  4:38  SCV  
  53  4:41  SCV  
  54  4:50  SCV  
  51  4:53  Marine x2  
  51  4:54  SCV, Raven  
  51  4:58  Command Center  
  51  5:01  Siege Tank  
  51  5:02  SCV  
  51  5:05  Refinery  
  51  5:06  SCV  
  56  5:11  Marine x2  
  58  5:14  SCV, Supply Depot  
  58  5:18  SCV  
  58  5:19  Supply Depot  
  60  5:26  SCV  
  61  5:29  Marine  
  62  5:36  SCV, Marine  
  62  5:37  Raven  
  62  5:38  SCV, Siege Tank  
  70  5:43  Barracks  
  70  5:44  Supply Depot, Barracks  
  70  5:47  Marine  
  70  5:48  SCV  
  72  5:51  SCV  
  72  5:53  Marine  
  74  5:58  Engineering Bay x2  
  74  6:01  SCV  
  74  6:03  SCV  
  76  6:04  Marine  
  76  6:09  Supply Depot  
  76  6:10  Orbital Command  
  77  6:11  Marine  
  77  6:13  SCV  
  77  6:15  SCV  
  80  6:26  SCV  
  80  6:27  SCV, Terran Infantry Weapons Level 1, Terran Infantry Armor Level 1  
  80  6:29  Supply Depot  
  80  6:31  Orbital Command  
  80  6:32  Barracks Reactor, Barracks Tech Lab, Siege Tank  
  85  6:37  Supply Depot  
  85  6:41  Stimpack, Marine  
  85  6:44  SCV x2  
  88  6:47  Supply Depot  
  88  6:50  Viking x2  
  92  6:56  SCV x2  
  92  6:58  Combat Shield  
  94  7:02  SCV  
  94  7:08  SCV x2  
  97  7:11  Refinery  
  97  7:16  Supply Depot  
  97  7:20  Viking x2  
  97  7:22  SCV x2  
  103  7:25  Siege Tank  
  103  7:26  Marine  
  103  7:27  Marine  
  103  7:28  SCV  
  109  7:34  SCV  
  109  7:36  Marine  
  109  7:37  SCV, Marauder  
  110  7:40  SCV  
  111  7:49  Marine x2  
  111  7:50  Command Center  
  111  7:51  Viking x2  
  115  7:53  SCV  
  115  7:54  SCV  
  115  7:55  SCV, Marauder  
  120  8:00  Refinery  
  120  8:06  Marauder  
  120  8:07  Marine  
  123  8:13  SCV x2  
  123  8:14  SCV  
  123  8:16  Supply Depot  
  123  8:19  Marauder  
  128  8:21  Viking x2, Armory  
  128  8:25  SCV, Siege Tank  
  128  8:26  SCV  
  137  8:29  Marine  
  137  8:30  Marauder  
  140  8:44  Marine  
  140  8:45  Marauder  
  140  8:47  Barracks x2  
  143  8:49  Marine  
  143  8:50  SCV  
  143  8:51  SCV x2, Marauder  
  149  9:02  Marine  
  145  9:05  Viking x2, Siege Tank  
  145  9:06  Marauder  
  145  9:07  Marine  
  152  9:10  Orbital Command  
  152  9:12  Marauder  
  152  9:14  Refinery x2  
  152  9:15  Terran Ship Weapons Level 1  
  154  9:29  Marauder, Marine x2  
  154  9:30  SCV  
  154  9:31  SCV  
  152  9:35  Barracks Reactor  
  152  9:37  Starport, Siege Tank  
  152  9:38  SCV x2, Starport  
  156  9:39  Marauder, Marine  
  157  9:47  Viking x2  
  161  9:57  Terran Infantry Weapons Level 2  
  161  9:59  SCV x2  
  163  10:04  Terran Infantry Armor Level 2  
  163  10:07  Command Center  
  163  10:17  Starport Reactor  
  163  10:23  Fusion Core  
  163  10:26  Starport Reactor  
  163  10:27  Viking, Supply Depot  
  163  10:28  Marauder x2, Siege Tank  
  172  10:29  Supply Depot  
  172  10:32  Armory  
  172  10:43  Sensor Tower  
  172  10:48  Viking, Marine x2  
  172  10:49  Unknown, Marauder  
  178  10:53  Unknown  
  184  10:58  Medivac x2  
  182  11:04  Medivac x2  
  182  11:05  Viking  
  188  11:14  Terran Ship Weapons Level 2  
  188  11:17  Barracks Tech Lab  
  188  11:19  SCV x2, Marauder, Marine  
  188  11:24  Marine  
  188  11:25  Marauder  
  189  11:27  Concussive Shells  
  189  11:28  Marine  
  189  11:31  Marine  
  191  11:33  Planetary Fortress  
  191  11:34  Viking  
  191  11:35  Viking x2, Advanced Ballistics  
  191  11:36  Viking  
  199  11:41  Marauder x2  
  197  11:55  Marauder, Marine  
  197  11:57  Marine  
  197  12:00  Terran Vehicle And Ship Armor Level 1  
  198  12:02  Marauder  
  198  12:06  Barracks  
  198  12:07  Starport, Barracks  
  198  12:08  Starport  
  200  12:09  Starport, Barracks  
  195  12:33  Marauder, Marine  
  195  12:35  Viking, Liberator x3  
  195  12:36  Marine  
  200  12:53  Command Center  
  200  12:55  Command Center, Starport Tech Lab x3  
  198  13:04  Marauder  
  200  13:14  Corvid Reactor  
  200  13:17  Weapon Refit  
  198  13:48  Barracks Tech Lab  
  166  13:56  Battlecruiser x2  
  166  13:57  Battlecruiser x2  
  166  13:58  Battlecruiser, Viking x2  
  158  14:24  Planetary Fortress  
  158  14:28  Liberator x2  
  164  14:33  Planetary Fortress  
  164  14:48  Marine  
  164  14:49  Marauder x2, Marine x5  
  164  14:51  Barracks Tech Lab x3  
  174  15:01  Battlecruiser x4  
  174  15:06  Supply Depot, Marine x2  
  200  15:08  Orbital Command  
  192  15:19  Marine x2  
  192  15:20  Marauder  
  176  15:21  Marine x2  
  176  15:22  Marauder x2, Marine x2  
  176  15:24  Marine  
  176  15:25  Marine  
  176  15:26  SCV  
  174  15:32  SCV x2  
  174  15:34  SCV x2  
  178  15:37  Marine  
  178  15:38  Marine  
  178  15:40  Marauder x2  
  178  15:41  Marauder  
  184  15:43  Marauder  
  184  15:50  Marauder, Marine x2  
  184  15:51  Medivac x2  
  184  15:52  Marine  
  184  15:55  SCV  
  192  16:01  Marauder  
  193  16:05  Marine  
Show
View Real Time Build Order
Export as new Build Order

AqueroN Terran 

Build Orders: Reaper Expand, Mech 

Get SALT Encoding   

  12  0:00  SCV  
  13  0:12  SCV  
  14  0:17  Supply Depot  
  14  0:24  SCV  
  15  0:38  SCV  
  15  0:41  Barracks  
  16  0:44  Refinery  
  16  0:50  SCV  
  17  1:02  SCV  
  18  1:14  SCV  
  19  1:27  Orbital Command  
  19  1:28  Reaper  
  20  1:40  Command Center  
  20  1:52  Supply Depot  
  20  1:54  SCV  
  20  2:00  Marine  
  22  2:06  Factory  
  22  2:10  SCV  
  23  2:16  Refinery  
  23  2:17  Marine  
  23  2:22  SCV  
  25  2:31  Bunker  
  25  2:34  SCV  
  26  2:37  Barracks Reactor  
  26  2:46  SCV  
  26  2:49  Hellion  
  26  2:51  Starport  
  29  2:56  Orbital Command  
  29  3:00  SCV  
  30  3:15  SCV  
  30  3:16  Marine x2, Factory Tech Lab  
  33  3:22  SCV  
  33  3:27  Viking, SCV  
  36  3:31  Supply Depot  
  37  3:34  SCV  
  37  3:37  Siege Tank  
  37  3:40  Marine x2  
  43  3:43  SCV  
  43  3:46  SCV  
  45  3:51  Supply Depot  
  45  3:53  Refinery  
  45  3:55  SCV  
  46  3:57  Marine x2  
  46  3:58  SCV  
  46  3:59  Starport Tech Lab  
  49  4:07  SCV, Supply Depot  
  50  4:10  SCV  
  54  4:19  SCV, Raven  
  54  4:22  SCV  
  55  4:27  Supply Depot, Marine x2  
  57  4:31  SCV  
  57  4:34  SCV  
  57  4:36  Siege Tank  
  60  4:43  SCV  
  55  4:47  SCV  
  53  4:55  SCV  
  53  4:59  SCV  
  56  5:04  Command Center  
  56  5:08  SCV  
  56  5:12  SCV  
  59  5:15  Supply Depot  
  59  5:16  Viking  
  59  5:17  Viking  
  59  5:20  SCV  
  61  5:23  Siege Tank  
  61  5:24  SCV, Refinery  
  65  5:32  SCV  
  66  5:36  SCV  
  67  5:44  SCV  
  67  5:46  Viking  
  67  5:47  Viking  
  67  5:48  SCV  
  73  5:55  Supply Depot  
  73  5:56  SCV, Supply Depot  
  74  6:00  SCV  
  74  6:03  Factory  
  75  6:04  Engineering Bay  
  75  6:08  SCV, Supply Depot  
  76  6:12  SCV  
  76  6:13  Factory  
  76  6:16  Viking  
  76  6:17  Viking  
  81  6:20  SCV  
  81  6:25  SCV  
  80  6:29  Orbital Command  
  80  6:32  SCV  
  76  6:36  Siege Tank  
  76  6:37  SCV  
  80  6:44  SCV  
  81  6:49  SCV  
  81  6:51  Orbital Command  
  82  6:54  Viking  
  82  6:56  SCV  
  82  6:57  Viking, Missile Turret x4  
  82  6:59  Factory Reactor  
  82  7:01  SCV  
  88  7:08  Siege Tank  
  91  7:09  SCV  
  91  7:13  SCV  
  93  7:21  SCV  
  94  7:24  Siege Tank  
  94  7:27  SCV  
  98  7:33  SCV  
  98  7:37  Viking, Hellion x2  
  102  7:38  Viking  
  102  7:39  SCV  
  102  7:42  Siege Tank  
  110  7:45  SCV  
  111  7:51  SCV  
  111  7:57  SCV  
  111  7:58  Hellion x2  
  117  8:01  Orbital Command  
  117  8:04  Refinery  
  115  8:05  Refinery  
  115  8:06  Siege Tank  
  115  8:10  SCV x2  
  115  8:12  Viking x2  
  110  8:24  SCV x2  
  110  8:26  Refinery  
  112  8:28  SCV  
  112  8:31  Hellion x2, Siege Tank  
  120  8:36  SCV x2  
  120  8:38  Supply Depot  
  120  8:39  Supply Depot x2  
  120  8:40  SCV  
  120  8:41  Supply Depot  
  123  8:43  Siege Tank  
  123  8:48  SCV, Viking  
  129  8:59  SCV x2  
  131  9:10  Armory  
  131  9:11  Armory  
  131  9:14  SCV x2  
  131  9:15  SCV, Missile Turret  
  131  9:16  Factory Reactor  
  134  9:17  Siege Tank  
  134  9:18  Missile Turret  
  134  9:21  Viking, Missile Turret  
  139  9:29  Missile Turret  
  133  9:31  Viking  
  133  9:34  SCV x3  
  133  9:35  Siege Tank  
  125  9:46  Command Center  
  125  9:47  SCV x3  
  125  9:48  Missile Turret  
  125  9:51  Missile Turret, Siege Tank  
  131  9:59  Terran Vehicle Weapons Level 1, Terran Vehicle And Ship Armor Level 1  
  131  10:02  Hellion  
  131  10:03  Hellion  
  131  10:06  Viking x2  
  139  10:22  Factory, Siege Tank  
  139  10:24  Hellion x2, Factory  
  146  10:35  Missile Turret  
  149  10:43  Supply Depot  
  149  10:45  Supply Depot  
  149  10:46  Hellion x2  
  149  10:47  Viking x2  
  157  10:52  Starport  
  157  11:00  Supply Depot  
  157  11:02  Thor  
  160  11:11  Factory Reactor, Thor, Factory Tech Lab  
  166  11:19  Viking x2  
  164  11:29  Hellion x2  
  164  11:31  Thor  
  169  11:56  Viking  
  169  11:57  Viking  
  169  11:59  Hellion x4, Siege Tank  
  169  12:00  Siege Tank  
  187  12:09  Sensor Tower  
  187  12:10  Missile Turret, Command Center  
  187  12:11  Missile Turret  
  187  12:15  Planetary Fortress  
  187  12:19  Siege Tank  
  182  12:36  Terran Vehicle Weapons Level 2  
  182  12:39  Refinery x2, Terran Vehicle And Ship Armor Level 2  
  182  12:40  Hellion x4  
  190  12:48  Missile Turret  
  190  12:49  Missile Turret  
  190  12:51  Missile Turret  
  190  12:52  Viking x2  
  190  12:55  Missile Turret  
  194  13:02  Command Center  
  194  13:04  Thor  
  200  13:06  Starport Reactor  
  200  13:12  Starport  
  200  13:52  Siege Tank x2  
  200  13:54  Viking x3  
  198  14:02  Viking  
  194  14:13  Siege Tank  
  179  14:21  Hellion x4  
  185  14:24  Viking x2, Siege Tank  
  185  14:26  Orbital Command  
  185  14:28  Command Center  
  192  14:33  Sensor Tower  
  192  14:34  Sensor Tower  
  192  14:35  Viking x2  
  196  14:51  Starport Reactor  
  196  14:54  Viking x2  
  194  15:16  Thor x2  
  172  15:23  Thor  
  172  15:24  Hellion x3  
  156  15:30  Viking x2  
  156  15:31  Viking x2  
  156  15:35  Viking  
  143  15:40  Viking  
  134  15:44  Hellion  
  134  15:46  Orbital Command  
Tags
 
Add a new tag
Caveats
  • Supply blocks, unpowered buildings, or Contaminate may cause inaccurate times.
  • Supply counts are checked every 10 seconds.